 Dungeon Crawl Stone Soup version 0.29-a0-648-g6b26cc9f40 (webtiles) character file.

Game seed: 13303690214639360421

1147 DocClef the Fighter (level 8, -3/83 HPs)
             Began as a Minotaur Gladiator on June 20, 2022.
             Slain by Crazy Yiuf
             ... wielding a +2 quarterstaff of chaos
              (8 damage)
             ... on level 5 of the Dungeon.
             The game lasted 00:05:07 (5062 turns).

DocClef the Fighter (Minotaur Gladiator)            Turns: 5062, Time: 00:05:08

Health: -3/83      AC:  4    Str: 18 (19) XL:     8   Next: 15%
Magic:  7/7        EV: 13    Int:  4      God:
Gold:   477        SH:  0    Dex: 16 (17) Spells: 7/7 levels left

rFire   . . .      SeeInvis .   a - +1 war axe (venom)
rCold   + . .      Faith    .   (no shield)
rNeg    . . .      Spirit   .   b - +0 leather armour
rPois   .          Reflect  .   (helmet unavailable)
rElec   .          Harm     .   g - +0 cloak
rCorr   .          Rampage  .   (no gloves)
Will    .....                   (no boots)
Stlth   +.........              (no amulet)
HPRegen 0.00/turn               (no ring)
MPRegen 0.10/turn               (no ring)

@: sick
A: horns 3, retaliatory headbutt, agile 1, cold resistance 1
a: no special abilities


You were on level 5 of the Dungeon.
You visited 1 branch of the dungeon, and saw 5 of its levels.
You visited the Abyss 1 time.
You also visited: Ossuary.

You collected 477 gold pieces.

Inventory:

Hand Weapons
 a - a +1 war axe of venom (weapon)
Missiles
 d - 2 throwing nets (quivered)
 e - a javelin
Armour
 b - a +0 leather armour (worn)
 g - a +0 cloak (worn)
Jewellery
 c - an amulet of faith
Wands
 m - a wand of paralysis (13)
Scrolls
 f - 4 scrolls of identify
 l - a scroll of silence
Potions
 h - a potion of brilliance
 i - a potion of haste
 j - a potion of curing
 k - a potion of heal wounds


   Skills:
 + Level 11.7 Fighting
 - Level 3.6 Axes
 - Level 2.0 Throwing
 - Level 3.2 Dodging


You had 7 spell levels left.
You didn't know any spells.
Your spell library contained the following spells:

 Spells                   Type           Power      Damage    Failure   Level
 Shock                    Conj/Air       0%         1d3       56%         1
 Static Discharge         Conj/Air       0%         N/A       71%         2
 Gell's Gravitas          Tloc           0%         N/A       90%         3
 Swiftness                Air            0%         N/A       90%         3
 Teleport Other           Tloc           0%         N/A       90%         3
 Airstrike                Air            0%         N/A       100%        4
 Lightning Bolt           Conj/Air       0%         1d11      100%        5
 Dispersal                Tloc           0%         N/A       100%        6
 Maxwell's Capacitive Co  Air            0%         ∞         100%        8


Dungeon Overview and Level Annotations

Branches:
Dungeon (5/15)            Ossuary (visited)
 Temple: D:4-7

Altars:
Fedhas
Okawaru
Qazlal
Vehumet

Annotations:
D:5 Crazy Yiuf


Innate Abilities, Weirdness & Mutations

You have a pair of large horns on your head.
You reflexively headbutt those who attack you in melee.
You are agile. (Dex +4, Int/Str-1)
Your flesh is cold resistant. (rC+)


Message History

The ancient zyme is heavily damaged.
The ancient zyme hits you. x2
You barely miss the ancient zyme.
The ancient zyme is heavily damaged.
The ancient zyme closely misses you. The ancient zyme hits you.
You feel ill.
You hit the ancient zyme.
The ancient zyme is heavily damaged.
The ancient zyme hits you!
* * * LOW HITPOINT WARNING * * *
The ancient zyme closely misses you.
A tentacled starspawn comes into view.
You barely miss the ancient zyme. You headbutt the ancient zyme!
You punch the ancient zyme, but do no damage.
The ancient zyme is almost destroyed.
The ancient zyme hits you!
* * * LOW HITPOINT WARNING * * *
The ancient zyme completely misses you.
A small abomination comes into view.
The ancient zyme barely misses you. You furiously retaliate!
You headbutt the ancient zyme. The ancient zyme misses you.
You closely miss the ancient zyme.
The ancient zyme is almost destroyed.
Tentacles burst from the starspawn's body!
The ancient zyme barely misses you. The ancient zyme hits you.
* * * LOW HITPOINT WARNING * * *
A starspawn tentacle comes into view.
Unknown command.
You slash the ancient zyme!
You destroy the ancient zyme!
You feel your strength returning.
You feel your dexterity returning.
Your Fighting skill increases to level 11!
You have reached level 8!
You feel agile.
The substance of the Abyss twists violently, and a gateway leading out appears!
There is a gateway leading out of the Abyss here.
You pass through the gate.
Welcome back to the Dungeon!
Level annotation: Crazy Yiuf Crazy Yiuf hits you with a +2 quarterstaff of chaos!
You die...

†.######
#....#
.......#####
#....#
#.####[....#
♣♣...♣ #.#
#######
♣...♣
#.##########
♣♣.♣♣
...........#
♣♣.♣
#.##########
♣.♣♣ ### #.#
♣♣g♣ #.#
♣@♣♣ #.# #'#
#.# ... #.#
#...# #.#
#)..# #.#
##### ######
#.# .....#
#.#
####.#####.#


You could see Crazy Yiuf.

Vanquished Creatures
  An ancient zyme (Abyss:1)
  An ice beast (D:5)
  An ogre (D:5)
  2 scorpions
  3 hounds (D:5)
  An orc priest (D:3)
  3 iguanas
  An orc wizard (D:3)
  8 mummies (Ossuary)
  10 adders
  8 gnolls
  2 worms
  3 dart slugs
  18 orcs
  4 ball pythons
  4 bats
  5 endoplasms
  7 giant cockroaches
  3 gnoll zombies (Ossuary)
  6 goblins
  5 hobgoblins
  4 jackals (D:4)
  4 kobolds
  4 quokkas
  2 frilled lizards (D:3)
  A hobgoblin zombie (Ossuary)
  4 orc zombies (Ossuary)
  2 rats
117 creatures vanquished.

Vanquished Creatures (others)
  5 fungi (D:5)
  A plant (D:4)
  A starspawn tentacle (Abyss:1)
  4 toadstools (D:1)
11 creatures vanquished.

Grand Total: 128 creatures vanquished

Notes
Turn   | Place    | Note
-------+----------+-------------------------------------------
     0 | D:1      | DocClef the Minotaur Gladiator began the quest for the Orb.
     0 | D:1      | Reached XP level 1. HP: 18/18 MP: 0/0
   101 | D:1      | Reached skill level 3 in Fighting
   360 | D:1      | Found a faded altar of an unknown god.
   370 | D:1      | Reached XP level 2. HP: 26/26 MP: 1/1
   661 | D:2      | Gained mutation: You are clumsy. (Dex -2) [potion of
                  | mutation]
   661 | D:2      | Gained mutation: You have an increased reservoir of magic.
                  | (+10% MP) [potion of mutation]
   661 | D:2      | Lost mutation: You have an increased reservoir of magic.
                  | (+10% MP) [potion of mutation]
   661 | D:2      | Gained mutation: You have large cloven feet. [potion of
                  | mutation]
   682 | D:2      | Reached skill level 4 in Fighting
   784 | D:2      | Reached XP level 3. HP: 33/33 MP: 2/2
   789 | D:2      | Lost mutation: You have large cloven feet. [potion of
                  | mutation]
   789 | D:2      | Lost mutation: You are clumsy. (Dex -2) [potion of
                  | mutation]
   789 | D:2      | Gained mutation: You are agile. (Dex +4, Int/Str-1) [potion
                  | of mutation]
   789 | D:2      | Gained mutation: You are weak. (Str -2) [potion of
                  | mutation]
   789 | D:2      | Gained mutation: You have an increased reservoir of magic.
                  | (+10% MP) [potion of mutation]
  1353 | D:3      | Reached skill level 5 in Fighting
  1353 | D:3      | Reached XP level 4. HP: 14/42 MP: 3/3
  1768 | D:3      | Reached skill level 6 in Fighting
  1823 | D:3      | Reached XP level 5. HP: 49/51 MP: 4/4
  2328 | D:4      | Reached skill level 7 in Fighting
  2610 | D:4      | Lost mutation: You are weak. (Str -2) [potion of mutation]
  2610 | D:4      | Lost mutation: You are agile. (Dex +4, Int/Str-1) [potion
                  | of mutation]
  2610 | D:4      | Lost mutation: You have an increased reservoir of magic.
                  | (+10% MP) [potion of mutation]
  2610 | D:4      | Gained mutation: You have a pair of large horns on your
                  | head. [potion of mutation]
  2610 | D:4      | Gained mutation: You are agile. (Dex +4, Int/Str-1) [potion
                  | of mutation]
  2610 | D:4      | Gained mutation: Your flesh is cold resistant. (rC+)
                  | [potion of mutation]
  2675 | D:4      | Reached XP level 6. HP: 54/61 MP: 5/5
  2851 | D:4      | Reached skill level 8 in Fighting
  2941 | D:4      | Found a stormy altar of Qazlal.
  2948 | D:4      | Found a blossoming altar of Fedhas.
  2973 | D:4      | Found a radiant altar of Vehumet.
  2973 | D:4      | Found an iron altar of Okawaru.
  3110 | D:5      | Entered Level 5 of the Dungeon
  3129 | D:5      | Found a sand-covered staircase.
  3134 | Ossuary  | Entered an ossuary
  3639 | D:5      | Reached skill level 9 in Fighting
  3660 | D:5      | Noticed an ice beast
  3668 | D:5      | Killed an ice beast
  3669 | D:5      | Reached XP level 7. HP: 67/70 MP: 6/6
  4000 | D:5      | Reached skill level 10 in Fighting
  4926 | D:5      | Found a runed translucent door.
  4927 | D:5      | Noticed Crazy Yiuf
  4931 | D:5      | Cast into level 1 of the Abyss (Crazy Yiuf)
  5006 | Abyss:1  | Found a corrupted altar of Lugonu.
  5045 | Abyss:1  | Noticed an ancient zyme
  5056 | Abyss:1  | Noticed a tentacled starspawn
  5059 | Abyss:1  | Killed an ancient zyme
  5060 | Abyss:1  | Reached skill level 11 in Fighting
  5060 | Abyss:1  | Reached XP level 8. HP: 5/83 MP: 7/7
  5062 | D:5      | Escaped the Abyss
  5062 | D:5      | Slain by Crazy Yiuf

Illustrated notes

Levels and vault maps discovered:
D:1:      ldierk_water_garden, layout_basic,
          shapermc_ecumenical_altar_mp_urbaneastern, solitary_fountain,
          chequers_jeans, minmay_misc_feat_chi
D:2:      layout_basic
D:3:      layout_loops_ring
D:4:      layout_rooms, grunt_temple_overflow_forces_of_nature,
          amethyst_overflow_temple_binary
D:5:      layout_loops_ring, enter_ossuary_2, uniq_crazy_yiuf_cottage

Skill      XL: |  1  2  3  4  5  6  7 |
---------------+----------------------+-----
Fighting       | 3 4 5 6 7 9 11 | 11.7
Axes           | |  3.6
Throwing       | |  2.0
Dodging        | |  3.2

Action                   |  1- 3 |  4- 6 |  7- 9 || total
-------------------------+-------+-------+-------++-------
Melee: War axe           |    60 |   135 |    57 ||   252
       Headbutt          |    11 |    28 |    13 ||    52
       Kick              |     2 |       |       ||     2
       Punch             |       |     2 |     1 ||     3
Throw: Throwing net      |       |       |     1 ||     1
  Use: Potion            |     3 |     6 |     1 ||    10
       Scroll            |     1 |     9 |     1 ||    11
 Stab: Sleeping          |       |     2 |       ||     2
       Held in net/web   |       |       |     1 ||     1
Armor: Leather armour    |    12 |    25 |     8 ||    45
Dodge: Dodged            |    37 |   106 |    31 ||   174

Table legend: (Time is in decaauts)
 A = Elapsed time spent in this place.
 B = Non-inter-level travel time spent in this place.
 C = Inter-level travel time spent in this place.
 D = Time resting spent in this place.
 E = Time spent auto-exploring this place.
 F = Levels seen in this place.
 G = Mean time per level.
                   A        B        C        D        E       F      G
               +--------+--------+--------+--------+--------+-----+--------+
         Total |   5143 |   5017 |    126 |    665 |   3578 |   7 |  734.7 |
       Dungeon |   4508 |   4382 |    126 |    543 |   3184 |   5 |  901.6 |
         Abyss |    133 |    133 |      0 |      0 |    101 |   1 |  133.0 |
       Ossuary |    501 |    501 |      0 |    122 |    293 |   1 |  501.0 |
               +--------+--------+--------+--------+--------+-----+--------+

Top non-repeatable levels by time:
     D:5: 1346 daAuts
     D:3: 1000 daAuts
     D:4: 830 daAuts
     D:2: 672 daAuts
     D:1: 660 daAuts
 Ossuary: 501 daAuts
 Abyss:1: 133 daAuts
